Map: Emerald City LE

Players

Throwfordays

  • Race: Protoss Protoss
  • League: Silver
  • Spawn Location: 11:00

Cthulhu

  • Race: Terran Terran
  • Spawn Location: 11:00

JORJONCRAFT - Winner!

  • Race: Terran Terran
  • Spawn Location: 5:00

AjSgt - Winner!

  • Race: Terran Terran
  • Spawn Location: 5:00

VOD

Have the link to the VOD?

Description

Time

  • Played on: April 10, 2019, 10:02 p.m.
  • Length: 16:28
Show
View Real Time Build Order
Export as new Build Order

Throwfordays Protoss 

Build Orders: 1 Gate Expand 

Get SALT Encoding   

  12  0:00  Probe  
  13  0:16  Pylon  
  13  0:19  Probe  
  14  0:27  Pylon  
  14  0:33  Probe  
  15  0:42  Assimilator  
  15  0:45  Probe  
  15  0:47  Gateway  
  16  1:01  Probe  
  17  1:13  Probe  
  18  1:24  Nexus  
  18  1:29  Probe  
  19  1:41  Cybernetics Core  
  19  1:44  Probe  
  20  1:55  Gateway  
  20  1:59  Warp Gate  
  20  2:02  Assimilator  
  20  2:06  Probe  
  21  2:18  Probe  
  22  2:26  Robotics Facility  
  22  2:30  Probe  
  22  2:32  Probe  
  24  2:40  Probe  
  24  2:45  Pylon  
  24  2:50  Probe  
  25  2:51  Probe  
  27  2:59  Adept x2  
  27  3:03  Probe  
  27  3:04  Probe  
  33  3:10  Immortal  
  37  3:27  Probe  
  37  3:29  Probe  
  39  3:37  Pylon  
  39  3:38  Probe  
  39  3:39  Probe  
  41  3:46  Probe  
  41  3:47  Probe  
  47  3:55  Immortal  
  47  3:58  Pylon  
  47  4:06  Gateway  
  47  4:13  Gateway  
  47  4:26  Adept x2  
  44  4:46  Adept  
  44  4:47  Adept  
  44  4:48  Immortal  
  40  5:22  Pylon  
  40  5:23  Pylon  
  40  5:25  Pylon  
  40  6:00  Immortal  
  40  6:02  Adept  
  40  6:03  Adept  
  40  6:08  Gateway  
  40  6:10  Pylon, Gateway  
  44  6:12  Pylon, Gateway  
  44  6:13  Pylon  
  44  6:28  Adept x2  
  52  6:47  Immortal  
  50  7:10  Adept x2  
  50  7:11  Adept x2  
  50  7:12  Adept  
  44  8:02  Adept x4  
  44  8:03  Adept  
  54  8:13  Nexus  
  54  8:21  Pylon  
  54  8:24  Probe  
  55  8:36  Probe  
  56  8:44  Adept x3  
  62  9:05  Assimilator  
  62  9:09  Assimilator  
  62  9:12  Probe  
  62  9:14  Pylon  
  63  9:24  Probe  
  64  9:29  Probe  
  65  9:35  Forge  
  65  9:50  Nexus  
  65  9:55  Pylon  
  65  10:05  Probe  
  66  10:08  Probe  
  67  10:17  Stalker x2, Probe  
  67  10:20  Probe  
  67  10:23  Stalker  
  66  10:29  Probe  
  66  10:30  Probe  
  67  10:38  Probe  
  67  10:42  Probe  
  69  10:46  Probe  
  69  10:48  Stalker x3  
  76  10:58  Probe  
  76  11:02  Probe  
  77  11:06  Probe  
  77  11:10  Probe  
  77  11:11  Probe  
  79  11:13  Protoss Ground Weapons Level 1  
  79  11:16  Probe  
  82  11:19  Probe  
  82  11:20  Probe  
  84  11:28  Probe x2  
  84  11:31  Assimilator  
  84  11:32  Probe  
  87  11:33  Assimilator  
  87  11:35  Pylon  
  87  11:39  Immortal  
  91  11:40  Probe  
  91  11:44  Probe  
  93  11:55  Photon Cannon  
  93  11:58  Probe  
  93  12:00  Probe  
  95  12:10  Probe  
  95  12:12  Probe  
  97  12:18  Warp Prism  
  100  12:22  Probe  
  100  12:24  Probe  
  100  12:25  Robotics Bay  
  100  12:28  Pylon  
  101  12:30  Pylon  
  101  12:33  Pylon  
  101  12:35  Gateway  
  101  12:38  Gateway  
  101  12:41  Gateway  
  101  12:46  Twilight Council  
  101  12:56  Forge  
  101  13:01  Stalker x2  
  101  13:02  Stalker x3  
  101  13:05  Protoss Ground Weapons Level 2  
  111  13:10  Protoss Ground Armor Level 1  
  111  13:14  Twilight Council  
  111  13:17  Probe  
  112  13:31  Blink  
  112  13:44  Resonating Glaives  
  112  13:49  Immortal  
  116  14:01  Pylon  
  116  14:03  Pylon  
  116  14:09  Stalker x4  
  109  14:10  Stalker x4, Robotics Facility  
  109  14:13  Robotics Facility  
  91  14:33  Stalker x3  
  91  14:34  Stalker x4  
  81  14:59  Stalker x4  
  89  15:00  Stalker x2  
  89  15:01  Stalker  
  81  15:24  Stalker x5  
  81  15:25  Stalker  
  65  15:41  Stalker  
Show
View Real Time Build Order
Export as new Build Order

Cthulhu Terran 

Build Orders:  

Get SALT Encoding   

  12  0:06  SCV  
  13  0:18  SCV  
  13  0:21  Supply Depot  
  14  0:30  SCV  
  16  0:42  SCV  
  16  0:44  Barracks  
  16  0:48  Refinery  
  16  0:54  SCV  
  17  1:07  SCV  
  18  1:19  SCV  
  19  1:28  Barracks  
  19  1:30  Engineering Bay  
  19  1:34  Supply Depot  
  19  1:41  Orbital Command  
  19  1:47  Marine  
  20  2:00  Terran Infantry Weapons Level 1  
  20  2:08  Refinery  
  20  2:09  SCV  
  20  2:10  Marine  
  22  2:29  SCV  
  23  2:44  Command Center  
  23  2:45  SCV  
  24  2:58  Barracks Tech Lab  
  24  3:00  Supply Depot  
  24  3:02  SCV  
  24  3:05  Barracks Reactor  
  25  3:10  Factory  
  25  3:19  SCV  
  26  3:26  Supply Depot  
  26  3:30  Marauder  
  28  3:43  Ghost Academy  
  28  3:44  Stimpack  
  28  3:45  SCV  
  28  3:46  Marine x2  
  31  3:53  Marauder  
  33  3:57  Supply Depot  
  33  4:08  Orbital Command  
  33  4:12  Refinery  
  32  4:27  Ghost  
  32  4:28  Marine x2, SCV  
  32  4:30  Widow Mine  
  38  4:39  SCV  
  38  4:40  SCV  
  40  4:46  Marine  
  40  4:47  Marine  
  40  4:48  Terran Infantry Armor Level 1  
  42  5:03  Marine  
  31  5:29  Marine, Widow Mine, Starport  
  31  5:30  Marine x2  
  36  5:42  Supply Depot  
  35  5:47  Marine  
  35  5:50  Widow Mine  
  33  6:04  Marine x2  
  33  6:05  Marine  
  33  6:06  Medivac  
  38  6:14  Barracks  
  38  6:22  Marine, Ghost  
  38  6:23  Marine  
  32  6:35  SCV  
  32  6:38  Widow Mine  
  35  6:43  Medivac  
  37  6:47  SCV  
  38  6:57  Nuke  
  38  7:00  Supply Depot  
  38  7:01  Marine  
  38  7:02  Marine x2, Marauder  
  40  7:13  Viking  
  41  7:19  Marine x2  
  41  7:22  Ghost  
  45  7:40  Personal Cloaking  
  37  8:07  SCV  
  37  8:08  Barracks Reactor  
  37  8:09  Marine x3  
  42  8:20  SCV  
  42  8:22  Command Center  
  42  8:23  Medivac  
  42  8:26  Marine, Widow Mine  
  42  8:27  Marine  
  48  8:45  Marine x2, Ghost  
  48  8:46  Marine x2  
  48  8:47  Widow Mine  
  56  9:05  Marine x4  
  56  9:09  Widow Mine  
  62  9:17  Armory  
  62  9:52  SCV  
  64  9:53  Marine, Orbital Command  
  64  10:19  Marine x4  
  68  10:32  SCV  
  68  10:33  SCV  
  69  10:35  Refinery  
  65  10:57  Command Center  
  59  11:20  Marine, SCV x2  
  59  11:21  Marine x2  
  59  11:22  Ghost  
  59  11:24  Viking, Widow Mine  
  68  11:28  Terran Infantry Weapons Level 2  
  68  12:34  Ghost  
  68  12:35  Combat Shield  
  70  12:38  Supply Depot  
  70  12:39  Terran Vehicle And Ship Armor Level 1  
  70  12:43  Engineering Bay  
  70  12:44  Widow Mine  
  70  12:45  Viking x2  
  70  12:47  SCV  
  70  12:48  Orbital Command  
  70  12:50  SCV  
  78  12:56  Refinery  
  78  13:06  Sensor Tower  
  78  13:12  Missile Turret  
  78  13:13  Terran Infantry Armor Level 2  
  78  13:15  SCV x3, Sensor Tower  
  78  13:19  Viking  
  83  13:20  Marine  
  84  13:49  Marine  
  84  13:50  Marine  
  86  14:10  Viking x2  
  87  14:31  Command Center  
  73  14:36  Marine x2, SCV x2  
  73  14:37  Marine  
  68  15:07  Viking x2  
  51  15:54  Viking x2  
  41  16:09  Marine  
Show
View Real Time Build Order
Export as new Build Order

JORJONCRAFT Terran - Winner!

Build Orders:  

Get SALT Encoding   

  12  0:02  SCV  
  13  0:21  SCV  
  14  0:28  Supply Depot  
  14  0:38  Supply Depot  
  14  0:45  Refinery, SCV  
  15  1:00  SCV  
  15  1:02  Barracks  
  16  1:12  SCV  
  16  1:13  Barracks  
  17  1:22  Barracks  
  17  1:24  SCV  
  18  1:36  SCV  
  19  1:48  SCV  
  19  1:50  Barracks Reactor  
  20  1:55  Supply Depot  
  20  2:01  SCV  
  21  2:03  Barracks Tech Lab  
  21  2:12  Barracks Reactor  
  21  2:13  SCV  
  22  2:20  Supply Depot  
  22  2:22  Marine  
  23  2:25  SCV  
  23  2:27  Marine x2  
  26  2:37  SCV  
  26  2:42  Marine  
  26  2:43  Combat Shield  
  28  2:46  Marine  
  28  2:47  Marine  
  28  2:49  SCV  
  31  2:55  Supply Depot  
  31  2:58  Marine x2  
  31  3:02  Marine  
  34  3:07  Marine x2  
  36  3:16  Marine  
  37  3:20  Marine x2  
  39  3:29  Marine  
  39  3:30  Marine, Supply Depot  
  41  3:44  Marine x3  
  44  3:49  Marine x2  
  46  4:02  Marine  
  47  4:03  Marine  
  48  4:10  Marine x2  
  48  4:12  Supply Depot x2  
  50  4:24  Stimpack  
  50  4:28  Marine x4  
  53  4:38  Marine  
  52  4:46  Marine x4  
  56  4:56  Marine  
  57  5:03  Marine x3  
  57  5:04  Marine  
  54  5:13  Marine  
  41  5:21  Marine  
  41  5:24  Marine x2  
  41  5:25  Marine  
  44  5:31  Marine  
  45  5:39  Marine  
  45  5:42  Marine x3  
  47  5:49  Marine  
  46  5:57  Marine  
  46  6:00  Marine x3  
  48  6:07  Marine  
  49  6:15  Marine  
  49  6:18  Marine x3  
  51  6:22  Command Center  
  51  6:25  Marine  
  44  6:33  Marine  
  44  6:35  Marine  
  44  6:36  Marine x2  
  44  6:42  Marine  
  45  6:49  Factory  
  45  6:51  Marine  
  45  6:52  Refinery  
  45  6:53  Marine  
  46  7:03  Orbital Command  
  46  7:18  Marine x5  
  51  7:34  Factory Tech Lab  
  51  7:35  Marine  
  51  7:36  Marine  
  50  7:46  Marine x3  
  46  7:53  Marine x2  
  40  8:03  SCV x2  
  40  8:04  Marine x3  
  44  8:14  Starport  
  44  8:15  SCV x2  
  46  8:27  SCV  
  46  8:28  SCV  
  46  8:34  Starport  
  48  8:39  SCV  
  48  8:40  SCV  
  50  8:45  Refinery  
  50  8:51  SCV  
  50  8:52  Orbital Command  
  51  9:02  Starport Tech Lab  
  51  9:03  SCV  
  52  9:12  Starport Tech Lab  
  52  9:16  SCV  
  53  9:18  Fusion Core  
  53  9:19  SCV  
  54  9:28  SCV  
  55  9:45  SCV x2  
  57  9:53  Refinery  
  57  9:57  SCV x2  
  53  10:09  SCV  
  52  10:17  SCV  
  53  10:44  Starport  
  53  10:45  Starport  
  53  10:49  SCV x2  
  55  11:01  SCV  
  56  11:04  Battlecruiser x2  
  56  11:05  SCV  
  69  11:13  SCV  
  69  11:17  SCV  
  71  11:23  Starport Tech Lab  
  71  11:25  SCV  
  71  11:29  SCV  
  71  11:32  Starport Tech Lab  
  73  11:38  SCV  
  74  11:40  Command Center  
  74  11:41  SCV  
  74  11:44  Battlecruiser  
  81  11:52  Refinery  
  81  12:06  Supply Depot x2  
  81  12:09  Supply Depot  
  81  12:10  Supply Depot  
  81  12:18  Refinery  
  81  12:28  Battlecruiser x2  
  93  12:36  Armory x2  
  93  12:47  SCV x2  
  95  12:59  SCV x2  
  95  13:01  SCV  
  98  13:08  Battlecruiser  
  98  13:11  SCV x2  
  106  13:13  SCV  
  107  13:30  SCV  
  107  13:31  SCV  
  107  13:32  SCV  
  107  13:33  Battlecruiser x2  
  122  13:38  Terran Ship Weapons Level 1  
  122  13:39  Terran Vehicle And Ship Armor Level 1  
  122  13:42  SCV  
  122  13:44  Armory  
  123  14:02  Viking  
  125  14:12  Viking  
  127  14:18  Marine x3  
  127  14:19  Marine x2  
  126  14:31  Viking  
  126  14:36  Marine x3  
  126  14:37  Marine, Viking  
  132  14:46  Viking  
  132  14:51  Battlecruiser  
  124  15:02  Battlecruiser  
  122  15:07  Battlecruiser  
  127  15:17  Battlecruiser  
  110  15:40  Marine x3  
  93  16:08  Marine x3  
  93  16:09  Marine x2  
Show
View Real Time Build Order
Export as new Build Order

AjSgt Terran - Winner!

Build Orders:  

Get SALT Encoding   

  12  0:01  SCV  
  13  0:14  SCV  
  14  0:20  Supply Depot  
  14  0:26  SCV  
  15  0:33  Refinery  
  15  0:50  Barracks  
  15  0:51  SCV  
  16  1:00  Refinery  
  16  1:03  SCV  
  17  1:15  SCV  
  18  1:27  SCV  
  19  1:44  Marine  
  20  1:52  Orbital Command  
  20  1:58  Factory  
  20  2:01  Marine  
  21  2:19  Marine  
  22  2:24  Supply Depot, SCV  
  23  2:43  Starport  
  23  2:44  Factory Tech Lab  
  23  2:46  Marine, Supply Depot  
  23  2:49  SCV  
  25  3:03  Siege Tank  
  28  3:27  Command Center  
  28  3:30  SCV  
  29  3:40  Medivac  
  31  3:55  Refinery  
  31  4:01  Siege Tank  
  33  4:28  Marine  
  31  4:53  Orbital Command  
  31  4:58  SCV  
  29  5:10  SCV  
  30  5:15  Marine  
  31  5:22  SCV  
  29  5:33  Marine  
  29  5:34  SCV  
  31  5:40  Siege Tank  
  34  5:46  SCV  
  34  5:49  Bunker  
  34  6:05  Bunker  
  34  6:07  Marine  
  35  6:12  Hellion  
  35  6:13  SCV x2  
  35  6:17  Starport Tech Lab  
  39  6:23  Refinery  
  39  6:24  Marine  
  39  6:25  SCV x2  
  42  6:33  Siege Tank  
  42  6:37  SCV  
  45  6:42  Marine  
  46  6:53  Banshee  
  49  6:59  SCV  
  49  7:00  Marine, SCV  
  52  7:05  Siege Tank  
  51  7:11  SCV  
  51  7:12  SCV  
  53  7:18  Marine  
  54  7:39  Medivac  
  54  7:41  Siege Tank  
  54  7:46  SCV x2  
  53  7:51  Supply Depot  
  53  7:53  Supply Depot x2  
  53  7:55  Supply Depot  
  53  7:58  SCV x2, Starport  
  54  8:03  Starport  
  54  8:04  Fusion Core, Starport  
  53  8:07  Armory  
  53  8:12  Medivac  
  53  8:13  Siege Tank  
  58  8:26  Engineering Bay  
  58  8:28  SCV x2  
  60  8:38  Starport Tech Lab  
  60  8:39  Starport Tech Lab  
  60  8:40  SCV x2  
  62  8:42  Command Center  
  62  8:45  Siege Tank  
  65  8:52  SCV  
  65  8:53  SCV  
  64  8:59  Starport Tech Lab  
  64  9:00  Battlecruiser  
  70  9:04  SCV  
  71  9:15  Missile Turret  
  71  9:17  Siege Tank  
  71  9:19  Missile Turret  
  55  9:49  Hellion, Battlecruiser x2  
  63  10:11  Hellion  
  65  10:32  Hellbat  
  67  10:35  Fusion Core  
  67  10:37  SCV x2  
  69  10:49  SCV x2  
  71  10:53  Planetary Fortress, Siege Tank  
  71  11:01  SCV x2  
  71  11:04  Missile Turret  
  62  11:23  SCV x2  
  62  11:25  Missile Turret  
  64  11:35  SCV  
  64  11:36  SCV  
  66  11:43  SCV  
  66  11:46  Missile Turret  
  67  11:48  SCV x2, Terran Ship Weapons Level 1  
  69  11:55  SCV  
  69  11:57  Refinery  
  69  12:00  SCV x2  
  72  12:05  Weapon Refit  
  72  12:07  SCV  
  73  12:11  Missile Turret  
  73  12:12  SCV x2  
  75  12:19  SCV  
  73  12:24  SCV  
  74  12:44  Refinery  
  74  12:51  Command Center  
  74  12:58  Supply Depot  
  74  13:01  Supply Depot  
  74  13:02  SCV x3  
  74  13:03  Supply Depot  
  74  13:04  Supply Depot  
  74  13:05  Supply Depot  
  77  13:13  Battlecruiser  
  77  13:14  SCV x3  
  86  13:26  SCV x2  
  88  13:28  Supply Depot  
  88  13:37  SCV  
  88  13:38  SCV x2  
  91  13:42  Terran Vehicle Weapons Level 1  
  91  13:50  SCV x2  
  93  14:04  Battlecruiser  
  99  14:12  Planetary Fortress  
  99  14:15  Refinery  
  99  14:18  SCV  
  99  14:19  SCV x2  
  90  14:28  Battlecruiser  
  90  14:31  SCV  
  97  14:40  Battlecruiser  
  97  14:57  SCV x2  
  97  14:58  SCV x2  
  101  15:09  SCV  
  101  15:10  SCV  
  103  15:15  Battlecruiser x2  
Tags
 
Add a new tag
Caveats
  • Supply blocks, unpowered buildings, or Contaminate may cause inaccurate times.
  • Supply counts are checked every 10 seconds.